 Dungeon Crawl Stone Soup version 0.32-a0-953-g508020473e (webtiles) character file.

Game seed: 14794231142323533139

74 Dylgear the Trooper (level 4, 0/35 HPs)
             Began as a Demonspawn Fighter on Apr 17, 2024.
             Killed by nerve-wracking pain
             ... invoked by Grinder
              (12 damage)
             ... on level 3 of the Dungeon.
             The game lasted 00:06:50 (1891 turns).

Dylgear the Trooper (Demonspawn Fighter)            Turns: 1891, Time: 00:06:51

Health: 0/35       AC: 12    Str: 17    XL:     4   Next: 9%
Magic:  4/4        EV:  2    Int:  8    God:
Gold:   75         SH: 12    Dex: 14    Spells: 3/3 levels left

rFire   . . .        a - +1 war axe
rCold   . . .        f - +0 tower shield
rNeg    . . .        i - +0 plate armour
rPois   .            j - +0 helmet
rElec   .            (no cloak)
rCorr   .            (no gloves)
SInv    .            (no boots)
Will    .....        m - amulet of the acrobat Stlth
                     e - +4 ring of slaying
HPRegen 0.25/turn    (no ring)
MPRegen 0.09/turn

%: acrobat
@: mighty, wreathed by umbra
A: repulsion field 1, foul shadow 1
a: no special abilities


You were on level 3 of the Dungeon.
You visited 1 branch of the dungeon, and saw 3 of its levels.

You collected 75 gold pieces.

Inventory:

Hand Weapons
 a - a +1 war axe (weapon)
 k - a +0 mace
Armour
 b - a +0 scale mail
 c - a +0 buckler
 f - a +0 tower shield (worn)
 i - a +0 plate armour (worn)
 j - a +0 helmet (worn)
Jewellery
 e - a +4 ring of slaying (left hand)
 h - a ring of flight
 m - an amulet of the acrobat (around neck)
 p - an amulet of regeneration
Wands
 t - a wand of light (9)
Scrolls
 n - a scroll of summoning
Potions
 l - a potion of brilliance {unknown}
 r - a potion of berserk rage {unknown}


   Skills:
 * Level 3.2 Fighting
 * Level 3.1 Axes
 * Level 3.1 Armour
 + Level 0.1 Stealth
 * Level 3.1 Shields


You had 3 spell levels left.
You didn't know any spells.
Your spell library was empty.

Dungeon Overview and Level Annotations

Branches:
Dungeon (3/15)

Altars:

Annotations:
D:3 Grinder


Innate Abilities, Weirdness & Mutations

You are surrounded by a mild repulsion field. (EV +2)
You are faintly shadowed, very rarely releasing foul flame when damaged in melee.


Message History

You block the quokka's attack.
You closely miss the quokka. You block the quokka's attack.
The quokka bites you but does no damage.
You barely miss the quokka. You block the quokka's attack.
The quokka bites you.
You closely miss the quokka.
The quokka bites you but does no damage.
You block the quokka's attack.
You barely miss the quokka. You slash Grinder! You block the quokka's attack.
You block Grinder's attack.
The quokka bites you but does no damage.
You completely miss Grinder.
Grinder is moderately wounded.
You hit the quokka.
You kill the quokka!
Grinder gestures at you. Pain shoots through your body!
Grinder blinks!
You feel very mighty all of a sudden. Grinder gestures at you.
Pain shoots through your body!
Grinder blinks!
You hit Grinder.
Grinder is moderately wounded.
Grinder hits you but does no damage.
You slash Grinder!
Grinder is severely wounded.
Grinder blinks!
Grinder says, "I used to sell toenails on the black market."
Grinder blinks!
You slash Grinder!
Grinder is almost dead.
Grinder blinks!
Grinder gestures at you. Pain shoots through your body!
* * * LOW HITPOINT WARNING * * *
You feel better. Grinder gestures at you. Pain shoots through your body!
You die...
Grinder says, "Hey, I wasn't done torturing you yet!"

###......# #........#
.############........#
............'...†....'
....###.#####........# .
#.# #........#
#.#####........#
..##.####.....+........#
....?5.@....###........#
.##......##.# #........#
##....## .# #.........
##..## .# #........# ###
.# #......... ..
########## .. ##### ..
#.... #.###


You could see Grinder.

Vanquished Creatures
  2 adders (D:2)
  3 ribbon worms (D:2)
  2 dart slugs
  An orc (D:3)
  2 bats
  3 endoplasms
  2 giant cockroaches (D:1)
  5 goblins
  2 hobgoblins (D:2)
  2 jackals (D:1)
  4 quokkas
  7 ball pythons
  3 frilled lizards
  2 kobolds
  4 rats
44 creatures vanquished.

Notes
Turn   | Place    | Note
-------+----------+-------------------------------------------
     0 | D:1      | Dylgear the Demonspawn Fighter began the quest for the Orb.
     0 | D:1      | Reached XP level 1. HP: 18/18 MP: 1/1
   331 | D:1      | Gained mutation: You are faintly shadowed, very rarely
                  | releasing foul flame when damaged in melee. [demonic
                  | ancestry]
   331 | D:1      | Reached XP level 2. HP: 23/24 MP: 2/2
   766 | D:1      | Found a faded altar of an unknown god.
   925 | D:2      | Gained mutation: You are surrounded by a mild repulsion
                  | field. (EV +2) [demonic ancestry]
   925 | D:2      | Reached XP level 3. HP: 19/29 MP: 3/3
  1785 | D:3      | Reached XP level 4. HP: 35/35 MP: 4/4
  1875 | D:3      | Noticed Grinder
  1891 | D:3      | Killed from afar by Grinder

Illustrated notes

Levels and vault maps discovered:
D:1:      minmay_arrival_checkered_box, layout_basic,
          dreamdust_ecumenical_altar_hidden_monk_grotto, serial_curves,
          eino_curves_02, eino_curves_04, nicolae_houndstooth_variations
D:2:      layout_basic, dk_noncrumbling_2
D:3:      layout_basic, lightli_sewer_entry_pipes, minmay_misc_feat_pillars,
          minivault_19, uniq_grinder

Skill      XL: |  1  2  3 |
---------------+----------+-----
Axes           | 2 3 |  3.1
Armour         | 3 |  3.1
Shields        | 3 |  3.1
Fighting       | |  3.2
Stealth        | |  0.1

Action                     |  1- 3 |  4- 6 || total
---------------------------+-------+-------++-------
  Melee: War axe           |   137 |    12 ||   149
    Use: Scroll            |     6 |       ||     6
         Potion            |       |     2 ||     2
 Armour: Plate armour      |   121 |     5 ||   126
         Scale mail        |     5 |       ||     5
  Dodge: Dodged            |    20 |     1 ||    21
  Block: Tower shield      |   116 |     6 ||   122
         Buckler           |     1 |       ||     1

Table legend: (Time is in decaauts)
 A = Elapsed time spent in this place.
 B = Non-inter-level travel time spent in this place.
 C = Inter-level travel time spent in this place.
 D = Time resting spent in this place.
 E = Time spent auto-exploring this place.
 F = Levels seen in this place.
 G = Mean time per level.
                   A        B        C        D        E       F      G
               +--------+--------+--------+--------+--------+-----+--------+
         Total |   2000 |   1879 |    121 |     73 |   1185 |   3 |  666.7 |
       Dungeon |   2000 |   1879 |    121 |     73 |   1185 |   3 |  666.7 |
               +--------+--------+--------+--------+--------+-----+--------+

Top non-repeatable levels by time:
     D:1: 934 daAuts
     D:2: 921 daAuts
     D:3: 143 daAuts
